 Dungeon Crawl Stone Soup version 0.18-a0-455-gc7d4c65 (webtiles) character file.

40 M4edhros the Charlatan (level 3, 0/23 HPs)
             Began as an Octopode Artificer on Dec 1, 2015.
             Slain by a giant cockroach (1 damage)
             ... on level 3 of the Dungeon.
             The game lasted 00:01:53 (931 turns).

M4edhros the Charlatan (Octopode Artificer)          Turns: 931, Time: 00:01:53

Health: 0/23       AC:  1    Str: 10    XL:     3   Next: 50%
Magic:  6/6        EV: 12    Int: 15    God:
Gold:   103        SH:  0    Dex: 12    Spells: 0 memorised, 2 levels left

rFire  . . .     SeeInvis .     a - +0 short sword
rCold  . . .     Clarity  .     (no shield)
rNeg   . . .     SustAt   .     (helmet restricted)
rPois  .         Gourm    .     (no amulet)
rElec  .         Spirit   .     (no ring)
rCorr  .         Dsmss    .     (no ring)
rMut   .         Stasis   .     (no ring)
MR     .....                    (no ring)
Stlth  ++++......               (no ring)
                                (no ring)
                                (no ring)
                                (no ring)

@: lethally poisoned (0 -> -11), not resistant to hostile enchantments, stealthy
A: almost no armour, amphibious, 8 rings, constrict 8, camouflage 1, gelatinous
body 1
a: no special abilities


You were on level 3 of the Dungeon.
You were not hungry.

You visited 1 branch of the dungeon, and saw 3 of its levels.

You collected 103 gold pieces.

Inventory:

Hand Weapons
 a - a +0 short sword (weapon)
Missiles
 i - 125 stones (quivered)
 l - 20 sling bullets
Wands
 b - a wand of flame (15)
 c - a wand of enslavement (14)
 d - a wand of random effects (15)
Scrolls
 f - a scroll of fear {unknown}
 g - 5 scrolls of identify {unknown}
 h - a scroll of random uselessness {unknown}
 j - a scroll of teleportation {unknown}
 m - a scroll of amnesia {unknown}
Potions
 n - a potion of curing {unknown}
Comestibles
 e - 3 bread rations


   Skills:
 - Level 1.0 Fighting
 - Level 1.0 Short Blades
 - Level 2.0 Dodging
 + Level 3.8 Stealth
 + Level 4.0 Evocations


You had 2 spell levels left.
You didn't know any spells.

Dungeon Overview and Level Annotations

Branches:
Dungeon (3/15)

Altars:
Okawaru

Annotations:
D:1 1 runed door


Innate Abilities, Weirdness & Mutations

You cannot wear most types of armour.
You are amphibious.
You can wear up to eight rings at the same time.
You can use your tentacles to constrict eight enemies at once.
Your skin changes colour to match your surroundings (Stealth).
Your rubbery body absorbs attacks (AC +1).


Message History

You are poisoned.
The adder poisons you! The giant cockroach closely misses you.
The adder bites you.
You are lethally poisoned!
The adder poisons you!
Evoke which item? (* to show all) (? for menu, Esc to quit)
Zapping:
c - a wand of enslavement (15)
Press: ? - help, Shift-Dir - straight line, f - adder
Aim: an adder (lightly wounded, chance to defeat MR: 63%)
The adder is charmed.
This wand has 14 charges left.
* * * LOW HITPOINT WARNING * * *
You feel sick. The giant cockroach bites you.
* * * LOW HITPOINT WARNING * * *
The giant cockroach bites you.
* * * LOW HITPOINT WARNING * * *
Drink which item? (? for menu, Esc to quit)
It was a potion of cancellation.
You feel magically purged.
* * * LOW HITPOINT WARNING * * *
You feel sick. The giant cockroach bites you.
You die...

### #.. #.##
#..## ####...#
##......##
#..†.@s..#
#..###S..#.
#.?# #...#
#..## .%...!
#...###.......#
#.............
#....###.....#
#.#..# #....#
#.#..## #...#


You could see a giant cockroach and a friendly adder.

Vanquished Creatures
  An adder (D:3)
  An ooze (D:1)
  3 bats
  4 hobgoblins
  6 kobolds
  A quokka (D:3)
  2 giant geckos (D:2)
  A giant newt (D:1)
  3 goblins
  5 rats
27 creatures vanquished.

Notes
Turn   | Place    | Note
--------------------------------------------------------------
     0 | D:1      | M4edhros the Octopode Artificer began the quest for the Orb.
     0 | D:1      | Reached XP level 1. HP: 13/13 MP: 3/3
     1 | D:1      | Found a runed door.
     2 | D:1      | Noticed a jelly
   123 | D:1      | Reached XP level 2. HP: 11/18 MP: 4/4
   644 | D:2      | Found an iron altar of Okawaru.
   694 | D:2      | Found a faded altar to an unknown god.
   706 | D:2      | Reached XP level 3. HP: 17/23 MP: 5/5
   908 | D:3      | Reached skill level 4 in Evocations
   931 | D:3      | HP: 1/23 [poisoned by an adder]
   931 | D:3      | Slain by a giant cockroach

Vault maps used:
D:1:      dpeg_arrival_caged_fury
D:2:      nicolae_overflow_hidden_temple, ecumenical_altar_2
D:3:      hangedman_decor_growths

Action                   || total
-------------------------++-------
Melee: Short sword       ||    52
Evoke: Wand              ||     1
  Use: Potion            ||     4
 Stab: Sleeping          ||    12
